Map: World of Sleepers LE

Players

Erik

  • Race: Zerg Zerg
  • League: Master
  • Spawn Location: 7:00

MCanning - Winner!

  • Race: Protoss Protoss
  • League: Master
  • Spawn Location: 1:00

Event: NationWars 2019

VOD

Have the link to the VOD?

Description

Time

  • Played on: Oct. 12, 2019, 12:16 p.m.
  • Length: 28:01
Show
View Real Time Build Order
Export as new Build Order

Erik Zerg 

Build Orders: Pool First, Brood Lord Corruptor, Muta Ling Bane 

Get SALT Encoding   

  12  0:01  Drone  
  13  0:08  Drone  
  14  0:14  Extractor  
  14  0:15  Drone  
  15  0:22  Overlord  
  15  0:37  Spawning Pool  
  15  0:41  Drone  
  15  0:43  Drone  
  15  0:47  Drone  
  15  0:49  Extractor  
  16  0:55  Drone  
  17  1:17  Hatchery  
  16  1:24  Zergling x4  
  18  1:27  Zergling x2  
  19  1:36  Queen  
  21  1:46  Overlord  
  21  1:51  Metabolic Boost  
  21  1:55  Drone  
  22  2:06  Drone  
  23  2:13  Drone  
  23  2:14  Queen  
  26  2:22  Drone  
  27  2:30  Drone  
  27  2:32  Drone  
  29  2:41  Drone  
  31  2:44  Drone  
  31  2:47  Drone x3  
  31  2:50  Pneumatized Carapace  
  34  3:00  Hatchery  
  34  3:04  Overlord  
  33  3:08  Drone  
  33  3:09  Drone  
  35  3:16  Drone  
  36  3:23  Queen  
  36  3:24  Drone x3  
  41  3:29  Overlord  
  41  3:30  Drone  
  42  3:35  Drone x2  
  42  3:40  Spore Crawler  
  43  3:43  Spore Crawler  
  43  3:47  Drone x3  
  45  3:50  Drone  
  45  3:54  Drone  
  47  3:58  Drone  
  47  4:00  Overlord  
  47  4:01  Queen  
  50  4:03  Drone  
  50  4:09  Drone  
  52  4:12  Queen  
  52  4:15  Drone x2  
  52  4:16  Drone  
  52  4:17  Drone  
  58  4:22  Spore Crawler  
  58  4:24  Lair  
  57  4:27  Drone x3  
  60  4:34  Overlord  
  60  4:35  Drone x3  
  63  4:40  Extractor  
  63  4:41  Extractor  
  63  4:43  Roach Warren, Extractor  
  59  4:51  Overlord  
  59  4:52  Drone x6  
  65  4:58  Zergling x4  
  66  5:11  Spore Crawler  
  66  5:12  Drone x5  
  66  5:13  Drone x4  
  66  5:14  Queen  
  74  5:19  Zergling x2  
  74  5:20  Zergling x2  
  78  5:24  Overseer  
  78  5:27  Overlord  
  78  5:33  Glial Reconstitution, Drone  
  78  5:34  Spire  
  78  5:35  Drone x2  
  80  5:37  Extractor x2  
  80  5:39  Overlord  
  78  5:55  Drone x11  
  89  6:02  Drone  
  87  6:06  Drone x3  
  87  6:09  Drone x2  
  86  6:33  Roach x6  
  86  6:35  Overlord x2  
  86  6:36  Overlord x2  
  86  6:39  Hatchery  
  97  6:44  Overlord  
  97  6:52  Baneling Nest  
  96  6:56  Mutalisk x5  
  96  6:57  Evolution Chamber  
  96  6:58  Mutalisk x3  
  111  7:07  Roach  
  111  7:08  Roach x2  
  117  7:13  Zergling x10  
  122  7:19  Zergling x2  
  123  7:23  Zerg Melee Weapons Level 1  
  123  7:26  Zergling x2  
  123  7:27  Zergling x10  
  123  7:29  Ravager  
  130  7:30  Overlord  
  130  7:31  Overlord x2  
  129  7:45  Overlord  
  129  7:50  Ravager x6  
  129  7:51  Baneling, Ravager x2  
  137  7:52  Baneling x5  
  137  7:53  Zergling x20  
  147  8:04  Centrifical Hooks  
  147  8:06  Hatchery  
  147  8:12  Zergling x14  
  147  8:13  Zergling x2  
  147  8:17  Queen  
  147  8:19  Drone  
  151  8:28  Drone x4  
  151  8:34  Unknown, Drone x3  
  157  8:36  Baneling x18  
  157  8:37  Baneling x6  
  157  8:47  Zergling x12  
  157  8:48  Zergling x4  
  165  8:49  Spine Crawler  
  164  8:57  Zergling x2  
  164  8:58  Zergling x4  
  164  9:00  Baneling x2  
  164  9:01  Baneling x14  
  167  9:09  Overlord x2  
  167  9:13  Overlord x2  
  167  9:14  Overseer  
  167  9:15  Overseer  
  167  9:20  Spine Crawler  
  165  9:26  Zergling x24  
  165  9:27  Zergling x6  
  144  9:45  Roach x14  
  150  9:57  Zergling x20  
  154  10:06  Infestation Pit  
  147  10:14  Corruptor  
  147  10:15  Corruptor x3  
  155  10:23  Ravager x11  
  166  10:28  Zergling x2  
  166  10:29  Zergling x18  
  166  10:32  Hatchery  
  166  10:35  Baneling x11  
  175  10:40  Drone x5  
  176  10:56  Hive  
  174  10:57  Zergling x2  
  174  10:58  Zergling x20  
  185  11:08  Baneling x8  
  185  11:09  Baneling x4, Zerg Melee Weapons Level 2  
  182  11:31  Unknown  
  160  11:35  Zergling x2  
  160  11:36  Zergling x40  
  177  11:51  Drone x3  
  177  11:53  Zergling x18  
  189  12:10  Greater Spire  
  188  12:23  Adrenal Glands  
  188  12:32  Spore Crawler, Spine Crawler  
  184  12:48  Drone x2  
  179  12:53  Drone x2  
  179  12:56  Drone x2  
  179  12:57  Drone x2  
  179  12:58  Corruptor x5  
  173  13:01  Drone x2  
  173  13:02  Drone x2  
  173  13:05  Spine Crawler  
  185  13:12  Pathogen Glands  
  185  13:17  Overseer x2  
  185  13:23  Brood Lord x4  
  184  13:32  Drone  
  184  13:33  Spine Crawler, Drone x5  
  189  13:37  Spine Crawler  
  189  13:39  Spine Crawler  
  189  13:40  Brood Lord  
  191  13:41  Brood Lord x3  
  191  13:42  Brood Lord  
  191  13:59  Drone x2  
  191  14:01  Baneling x9  
  191  14:02  Baneling x16  
  193  14:06  Hatchery  
  193  14:07  Corruptor x3  
  193  14:09  Neural Parasite  
  198  14:14  Zerg Flyer Weapons Level 1, Burrow  
  182  14:42  Corruptor x5  
  190  14:47  Zergling x2  
  190  14:48  Zergling x22  
  184  15:16  Hatchery  
  184  15:17  Spire  
  182  15:26  Zergling x22  
  182  15:28  Spore Crawler x2, Infestor  
  192  15:29  Spore Crawler, Infestor x4  
  192  15:30  Spore Crawler x2  
  192  15:32  Spore Crawler x3  
  192  15:33  Spore Crawler  
  194  15:37  Zerg Missile Weapons Level 1  
  189  15:43  Infestor x5  
  196  16:04  Spore Crawler  
  196  16:05  Spore Crawler, Drone x5  
  196  16:06  Drone  
  196  16:07  Spore Crawler, Drone  
  196  16:08  Spore Crawler x3  
  193  16:14  Spore Crawler x2, Drone x2  
  193  16:15  Spore Crawler, Drone x3  
  195  16:21  Viper  
  198  16:38  Infestor x2  
  198  16:40  Zerg Flyer Weapons Level 2  
  198  16:41  Zerg Flyer Armor Level 1, Infestation Pit  
  190  16:53  Corruptor x7  
  184  17:13  Corruptor x7  
  186  17:30  Zergling x22  
  197  17:47  Drone x2  
  195  18:03  Drone x5  
  197  18:26  Drone x2  
  197  18:27  Drone  
  200  18:30  Extractor x2  
  190  18:44  Spine Crawler  
  190  18:45  Spore Crawler  
  190  18:46  Overseer  
  190  18:47  Spore Crawler x2  
  190  18:48  Spore Crawler, Overseer x2  
  184  18:50  Spore Crawler  
  184  18:55  Spore Crawler  
  179  18:57  Zergling x10  
  179  18:58  Zergling x26  
  181  19:24  Hatchery  
  159  19:25  Viper x2  
  159  19:28  Zerg Flyer Weapons Level 3, Zerg Flyer Armor Level 2  
  160  19:35  Drone  
  154  19:40  Drone x17  
  159  19:54  Roach x2  
  159  19:55  Roach  
  163  20:26  Infestor  
  163  20:27  Infestor x3  
  170  20:32  Roach x3  
  176  20:40  Zergling x16  
  176  20:41  Zergling x2  
  185  21:01  Zergling x2  
  185  21:02  Zergling x22  
  197  21:06  Baneling  
  125  21:42  Roach x7  
  139  21:52  Zergling x22  
  150  21:57  Extractor  
  147  22:10  Hatchery  
  140  22:19  Zergling x28  
  152  22:34  Drone x5  
  157  22:37  Queen x2  
  157  22:38  Queen  
  158  22:52  Drone x7  
  146  23:37  Infestor  
  146  23:38  Infestor  
  146  23:40  Zergling x2, Drone x2  
  146  23:41  Zergling x20  
  159  24:00  Hatchery  
  156  24:14  Hatchery  
  156  24:20  Zergling x12  
  156  24:21  Zergling x18  
  171  24:36  Extractor  
  168  24:38  Extractor  
  141  24:57  Corruptor x3  
  145  25:09  Spore Crawler  
  145  25:10  Spore Crawler x3  
  145  25:11  Spore Crawler x2  
  145  25:12  Spore Crawler x2  
  124  25:22  Zergling x2  
  124  25:23  Zergling x28  
  124  25:44  Spore Crawler  
  124  25:45  Drone x8  
  124  25:47  Spore Crawler x2  
  124  25:49  Spore Crawler  
  128  25:56  Spore Crawler x2  
  123  25:57  Spore Crawler x2  
  123  25:58  Viper  
  106  26:36  Corruptor x2  
  106  26:37  Overseer  
  106  26:41  Zergling x26  
  103  27:10  Infestor  
  103  27:11  Infestor  
  105  27:30  Zergling x30  
Show
View Real Time Build Order
Export as new Build Order

MCanning Protoss - Winner!

Build Orders: 1 Gate Expand, Oracle Opening, Phoenix Opening, Carriers, Zealot Archon 

Get SALT Encoding   

  12  0:00  Probe  
  13  0:12  Probe  
  14  0:21  Pylon  
  14  0:25  Probe  
  15  0:39  Probe (Chrono Boost), Gateway  
  17  0:50  Assimilator, Probe (Chrono Boost)  
  17  0:55  Probe (Chrono Boost)  
  18  1:05  Probe  
  19  1:17  Probe  
  20  1:27  Cybernetics Core  
  20  1:33  Nexus  
  20  1:37  Probe  
  21  1:44  Pylon  
  20  1:48  Zealot (Chrono Boost)  
  20  1:54  Assimilator  
  22  1:57  Probe  
  23  2:06  Adept (Chrono Boost)  
  25  2:09  Probe  
  26  2:22  Probe  
  27  2:30  Stargate  
  27  2:34  Probe  
  28  2:40  Stalker  
  29  2:46  Probe  
  29  2:48  Warp Gate  
  31  2:57  Gateway  
  30  2:59  Probe  
  30  3:00  Probe  
  32  3:11  Probe  
  32  3:12  Probe  
  34  3:13  Oracle (Chrono Boost)  
  37  3:23  Probe  
  37  3:24  Probe  
  39  3:35  Probe, Pylon  
  39  3:36  Probe  
  39  3:40  Phoenix (Chrono Boost)  
  44  3:49  Probe (Chrono Boost)  
  44  3:50  Probe (Chrono Boost)  
  44  3:54  Pylon  
  45  3:59  Oracle (Chrono Boost)  
  45  4:02  Probe (Chrono Boost)  
  50  4:03  Probe (Chrono Boost)  
  50  4:07  Probe (Chrono Boost)  
  51  4:11  Probe  
  51  4:14  Assimilator  
  51  4:15  Pylon  
  51  4:17  Assimilator  
  52  4:19  Probe  
  52  4:24  Probe  
  54  4:31  Probe, Oracle (Chrono Boost)  
  55  4:36  Probe  
  59  4:42  Adept x2  
  59  4:43  Probe  
  64  4:48  Probe  
  65  4:55  Probe  
  66  5:00  Probe  
  66  5:03  Robotics Facility  
  67  5:07  Probe  
  67  5:10  Nexus  
  67  5:11  Pylon  
  67  5:12  Probe  
  69  5:19  Probe, Pylon  
  70  5:28  Forge  
  70  5:29  Probe (Chrono Boost)  
  70  5:30  Sentry x2  
  70  5:31  Probe (Chrono Boost)  
  70  5:33  Twilight Council  
  76  5:37  Shield Battery  
  76  5:41  Probe (Chrono Boost)  
  76  5:42  Probe (Chrono Boost)  
  78  5:46  Probe x2 (Chrono Boost)  
  80  5:56  Probe  
  80  5:57  Adept x2  
  80  5:58  Probe  
  80  6:01  Observer (Chrono Boost)  
  80  6:03  Charge (Chrono Boost)  
  84  6:08  Probe  
  84  6:10  Probe  
  84  6:11  Protoss Ground Weapons Level 1  
  86  6:16  Immortal (Chrono Boost)  
  86  6:17  Templar Archives  
  86  6:25  Gateway  
  86  6:27  Gateway x2  
  86  6:30  Pylon  
  86  6:31  Probe  
  87  6:36  Probe  
  88  6:42  Pylon  
  88  6:44  Adept x2  
  92  6:47  Immortal (Chrono Boost)  
  92  6:49  Probe  
  97  6:58  Probe  
  97  6:59  Probe, Psionic Storm  
  99  7:05  Probe  
  100  7:08  Robotics Facility  
  100  7:10  Assimilator, Probe  
  100  7:11  Probe  
  100  7:13  Assimilator  
  102  7:17  Probe  
  102  7:20  High Templar  
  102  7:22  Probe, Pylon  
  106  7:23  Gateway  
  106  7:26  High Templar  
  106  7:29  Zealot  
  110  7:30  Zealot x2  
  110  7:32  Probe  
  110  7:34  Probe  
  116  7:40  Photon Cannon  
  116  7:44  Gateway  
  116  7:45  Gateway  
  116  7:46  Pylon  
  112  7:52  Phoenix (Chrono Boost)  
  112  7:55  Stalker  
  112  7:57  Archon  
  114  8:00  Stalker x2  
  114  8:10  Probe  
  111  8:15  Phoenix (Chrono Boost)  
  111  8:18  Fleet Beacon  
  113  8:20  Photon Cannon  
  113  8:22  Photon Cannon  
  111  8:29  High Templar x2  
  111  8:34  Zealot x3  
  115  8:38  Photon Cannon  
  119  8:44  High Templar  
  121  8:52  High Templar  
  123  9:01  High Templar  
  125  9:03  Protoss Ground Weapons Level 2 (Chrono Boost)  
  125  9:04  Zealot x3  
  131  9:15  Pylon  
  131  9:16  Nexus  
  131  9:17  Pylon  
  131  9:18  Pylon x2  
  131  9:20  Observer  
  130  9:24  Immortal  
  130  9:31  Zealot x4  
  118  9:35  Zealot  
  118  9:38  Zealot x2  
  121  9:41  Probe  
  121  9:42  Zealot  
  120  9:48  Archon x2  
  120  9:55  High Templar x3  
  123  10:05  Probe  
  124  10:07  Immortal  
  128  10:17  Photon Cannon  
  128  10:18  Shield Battery  
  128  10:19  Probe  
  129  10:26  High Templar x2  
  133  10:35  Gateway  
  133  10:38  Pylon, Gateway  
  133  10:42  High Templar  
  135  10:43  Photon Cannon  
  135  10:44  High Templar  
  135  10:49  Zealot  
  139  10:50  Warp Prism (Chrono Boost)  
  139  10:56  Probe (Chrono Boost)  
  136  10:59  Mothership (Chrono Boost)  
  136  11:02  Pylon  
  136  11:04  Assimilator  
  137  11:09  Assimilator  
  144  11:17  Stargate  
  145  11:18  Probe (Chrono Boost)  
  145  11:21  Protoss Air Weapons Level 1 (Chrono Boost)  
  145  11:23  Zealot x2  
  145  11:24  Zealot x4  
  151  11:35  Probe (Chrono Boost)  
  151  11:37  Probe (Chrono Boost)  
  151  11:38  Probe (Chrono Boost)  
  137  11:48  Probe (Chrono Boost)  
  137  11:49  Probe (Chrono Boost)  
  137  11:50  Probe (Chrono Boost), High Templar x2  
  137  11:52  High Templar  
  137  11:54  Probe x3 (Chrono Boost)  
  145  11:56  Archon  
  145  11:58  Stalker  
  145  11:59  Stalker x2  
  152  12:02  Probe (Chrono Boost)  
  152  12:05  Probe x2 (Chrono Boost)  
  151  12:09  Zealot x3  
  151  12:15  Carrier (Chrono Boost)  
  158  12:18  Zealot  
  158  12:20  Probe (Chrono Boost)  
  167  12:30  Probe (Chrono Boost)  
  167  12:31  Zealot x2  
  171  12:39  Zealot x2  
  171  12:40  Zealot  
  181  12:55  Carrier (Chrono Boost)  
  181  12:57  Zealot  
  181  12:58  Zealot x2  
  179  13:01  Probe  
  168  13:08  Photon Cannon  
  168  13:10  Pylon  
  168  13:11  Observer  
  169  13:14  Protoss Air Weapons Level 2 (Chrono Boost)  
  169  13:17  Stargate  
  174  13:29  High Templar x2  
  174  13:30  Zealot x2  
  174  13:31  Carrier (Chrono Boost)  
  182  13:39  Zealot x2, Archon  
  182  13:40  Zealot  
  176  13:50  Warp Prism (Chrono Boost)  
  176  13:56  Warp Prism (Chrono Boost)  
  176  13:57  High Templar x3  
  182  14:02  High Templar  
  182  14:06  Archon  
  182  14:07  Archon  
  182  14:08  Photon Cannon, Carrier (Chrono Boost)  
  182  14:09  Protoss Shields Level 1 (Chrono Boost)  
  184  14:15  Probe  
  191  14:28  Carrier (Chrono Boost)  
  191  14:31  Zealot  
  191  14:35  Zealot  
  191  14:38  Zealot  
  185  14:43  Probe  
  181  14:49  Probe  
  181  14:50  Carrier (Chrono Boost)  
  172  15:10  Pylon  
  172  15:11  Pylon  
  172  15:18  Nexus  
  172  15:19  High Templar x2  
  176  15:26  Photon Cannon  
  176  15:27  Photon Cannon  
  176  15:28  Pylon  
  176  15:34  Archon  
  176  15:36  Zealot x4  
  184  15:45  Zealot x2  
  184  15:46  Zealot  
  184  15:52  Photon Cannon  
  184  15:54  High Templar  
  184  16:01  Zealot  
  184  16:02  Zealot  
  182  16:14  Zealot, Protoss Air Weapons Level 3 (Chrono Boost)  
  182  16:15  Zealot x2  
  182  16:16  Zealot  
  190  16:25  Zealot x3  
  193  16:36  Zealot x2  
  193  16:37  Zealot  
  199  16:41  Photon Cannon  
  199  16:43  Photon Cannon  
  199  16:45  Photon Cannon  
  189  16:47  Shield Battery, Carrier  
  191  16:56  Carrier  
  191  16:57  Zealot  
  191  17:13  Zealot x4  
  199  17:27  Pylon  
  199  17:28  Protoss Shields Level 2 (Chrono Boost)  
  199  17:29  Observer  
  188  17:46  Zealot x3, Stargate  
  188  17:47  Zealot x3  
  188  17:49  Robotics Bay  
  194  18:04  Carrier  
  188  18:20  Zealot x3  
  194  18:37  Disruptor  
  194  18:40  Unknown  
  179  18:50  Protoss Air Armor Level 1, Zealot x4  
  179  18:51  Zealot x4  
  179  18:52  Nexus  
  179  18:54  Zealot x2  
  179  18:55  Pylon  
  183  19:16  High Templar x4  
  166  19:17  Zealot x2  
  166  19:18  Zealot x4  
  160  19:25  Void Ray (Chrono Boost)  
  168  19:33  Photon Cannon  
  168  19:36  Photon Cannon  
  168  19:37  Void Ray x2 (Chrono Boost)  
  158  19:45  High Templar x2  
  158  19:46  High Templar x2  
  158  19:49  Protoss Shields Level 3, Observer x2  
  158  19:50  Archon x2  
  168  19:53  Void Ray (Chrono Boost)  
  160  20:07  Zealot x5  
  160  20:12  Assimilator  
  170  20:15  Warp Prism (Chrono Boost)  
  170  20:16  Assimilator  
  172  20:31  Disruptor (Chrono Boost)  
  175  20:40  Zealot  
  175  20:41  Zealot x5  
  184  20:44  Disruptor  
  187  20:51  Blink  
  187  21:05  High Templar  
  187  21:06  High Templar x2  
  191  21:13  Zealot x3  
  191  21:14  Zealot x2  
  199  21:24  Nexus  
  186  21:26  Pylon  
  186  21:27  Void Ray (Chrono Boost)  
  186  21:29  Void Ray (Chrono Boost)  
  186  21:30  Carrier (Chrono Boost)  
  152  21:44  Zealot x4  
  152  21:46  High Templar  
  152  21:47  High Templar  
  161  22:00  Mothership (Chrono Boost)  
  167  22:01  Observer x2  
  167  22:03  Carrier  
  153  22:19  Carrier  
  151  22:28  Unknown  
  151  22:31  Photon Cannon  
  151  22:32  Photon Cannon  
  151  22:36  Carrier  
  157  22:42  Zealot x4  
  157  22:43  Zealot  
  165  22:45  Zealot  
  161  22:51  Observer  
  161  22:52  Zealot x2  
  161  22:53  Zealot  
  167  23:01  High Templar  
  167  23:02  High Templar  
  169  23:07  Archon  
  169  23:17  Zealot x3  
  175  23:21  Carrier  
  179  23:37  Pylon  
  179  23:38  Zealot x4  
  169  23:52  Zealot x4  
  177  24:07  Zealot x2  
  177  24:08  Zealot x2  
  177  24:09  Protoss Air Armor Level 2 (Chrono Boost)  
  184  24:11  Disruptor  
  184  24:14  Photon Cannon  
  181  24:17  High Templar x2  
  185  24:38  Photon Cannon  
  185  24:40  Photon Cannon  
  185  24:41  Photon Cannon  
  185  24:43  Shield Battery  
  185  24:44  Mothership (Chrono Boost)  
  173  24:51  Zealot  
  173  24:52  Zealot x2  
  171  25:13  High Templar x4  
  165  25:17  Archon x2  
  165  25:18  Zealot x3  
  165  25:19  Zealot x3  
  177  25:24  Pylon  
  169  25:36  Disruptor x2  
  169  25:39  Zealot  
  177  25:49  Photon Cannon  
  177  25:50  Shield Battery  
  177  25:52  Nexus  
  176  25:58  High Templar  
  176  25:59  High Templar x3  
  176  26:00  High Templar x2  
  176  26:01  High Templar  
  190  26:07  Archon  
  190  26:08  Archon  
  190  26:09  Archon  
  182  26:31  Void Ray  
  173  26:33  Zealot x2  
  173  26:34  Zealot x5  
  187  26:48  Nexus  
  186  26:56  Zealot x3  
  186  26:57  Zealot x2  
  184  27:12  Pylon  
  184  27:13  Photon Cannon  
  185  27:15  Observer  
  185  27:17  Zealot  
  185  27:18  Zealot x3  
  187  27:23  High Templar x4  
Tags
 
Add a new tag
Caveats
  • Supply blocks, unpowered buildings, or Contaminate may cause inaccurate times.
  • Supply counts are checked every 10 seconds.